 Dungeon Sprint DCSS version 0.30-a0-1094-g860fb061e7 (webtiles) character file.

Game seed: 7928034188937680553

4 Elsrick the Trooper (level 1, -10/15 HPs)
             Began as a Gargoyle Monk on Apr 18, 2023.
             Mangled by an iguana (12 damage)
             ... in the Dungeon (Sprint IX: "|||||||||||||||||||||||||||||").
             The game lasted 00:00:11 (23 turns).

Elsrick the Trooper (Gargoyle Monk)                   Turns: 23, Time: 00:00:12

Health: -10/15     AC:  4    Str: 14    XL:     1   Next: 70%
Magic:  1/1        EV: 12    Int: 10    God:
Gold:   0          SH:  0    Dex: 12    Spells: 0/0 levels left

rFire   . . .      SeeInvis .    a - +0 mace
rCold   . . .      Faith    .    d - orb {light}
rNeg    + . .      Spirit   .    b - +0 robe
rPois   ∞          Reflect  .    (no helmet)
rElec   +          Rampage  .    (no cloak)
rCorr   .          NoTele   +    (no gloves)
Will    .....                    (no boots)
Stlth   +                        (no amulet)
HPRegen 0.22/turn                (no ring)
MPRegen 0.07/turn                (no ring)

@: glowing
A: sickness immunity, AC +2, negative energy resistance 1, electricity
resistance, torment resistance 1, petrification resistance
a: no special abilities


You were in the Dungeon.
You visited 1 branch

Inventory:

Hand Weapons
 a - a +0 mace (weapon)
Armour
 b - a +0 robe (worn)
 d - an orb of light (worn)
Scrolls
 j - a scroll of blinking
Potions
 c - a potion of ambrosia
 e - a potion of curing
 f - a potion of heal wounds
 g - a potion of haste
 h - 2 potions of magic
 i - a potion of berserk rage


   Skills:
 + Level 3.9 Fighting
 + Level 3.5 Maces & Flails
 + Level 2.9 Dodging


You couldn't memorise any spells.
You didn't know any spells.
Your spell library was empty.

Dungeon Overview and Level Annotations

Branches:
Dungeon (1/1)

Altars:


Innate Abilities, Weirdness & Mutations

You are immune to sickness and miasma.
Your stone body is resilient. (AC +2)
You are immune to poison.
You resist negative energy. (rN+)
You are resistant to electric shocks. (rElec)
You are resistant to unholy torment.
You are immune to petrification.


Message History

You kill the kobold!
You barely miss the ball python. The ball python bites you.
The ball python closely misses you.
You thump the ball python!
You kill the ball python!
The ball python closely misses you. The ball python misses you.
You barely miss the ball python. The ball python completely misses you.
The ball python grabs you. The ball python constricts you.
You sock the ball python!
You kill the ball python!
You hit the frilled lizard.
You kill the frilled lizard!
You thump the ball python!
You kill the ball python!
There is an open door to the Dungeon here.
Items here: ) †††.
You open the door.
A gnoll, 2 iguanas and 2 ogres come into view.
The ogre shouts!
The gnoll shouts!
The iguana hisses angrily.
You hit the ogre.
The ogre is lightly wounded.
The ogre closely misses you.
You hit the ogre.
The ogre is moderately wounded.
The ogre hits you with a +0 giant spiked club!
Ouch! That really hurt!
* * * LOW HITPOINT WARNING * * *
You hit the ogre.
The ogre is heavily wounded.
The ogre misses you.
You hit the ogre.
The ogre is severely wounded.
The ogre barely misses you.
You hit the ogre.
The ogre is almost dead.
You hit the ogre.
You kill the ogre!
The iguana bites you!
Ouch! That really hurt!
You die... ▓▓▓▓▓▓▓▓▓▓▓▓▓▓▓▓▓▓ +.Ogl.l@....)...<▓ ▓▓▓▓▓▓▓▓▓▓▓▓▓▓▓▓▓▓

You could see an ogre, 2 iguanas and a gnoll.

Vanquished Creatures
  An ogre (D)
  A kobold (D)
  3 ball pythons (D)
  A frilled lizard (D)
6 creatures vanquished.

Notes
Turn   | Place    | Note
-------+----------+-------------------------------------------
     0 | D        | Elsrick the Gargoyle Monk began the quest for the Orb.
     0 | D        | Reached XP level 1. HP: 14/14 MP: 1/1
    17 | D        | Noticed an ogre
    17 | D        | Noticed an iguana
    17 | D        | Noticed an iguana
    17 | D        | Noticed an ogre
    23 | D        | Killed an ogre
    23 | D        | Mangled by an iguana

Illustrated notes

Levels and vault maps discovered:
D:        linesprint [early_d, line_temple, items_1, d_10, items_2, lair_1,
          lair_end, items_3, orc_1, orc_end, items_4, d_15, swamp_1, shoals_1,
          snake_1, spider_1, d_20, vaults_1, items_5, swamp_end, shoals_end,
          snake_end, spider_end, vaults_end, d_27, items_6, zot_1, zot_end,
          crypt_end, forest_end, elf_end, slime_end, tomb_end, abyss_end,
          pan_hell_end]

Action                     || total
---------------------------++-------
  Melee: Mace              ||    13
  Dodge: Dodged            ||     7

Table legend: (Time is in decaauts)
 A = Elapsed time spent in this place.
 B = Non-inter-level travel time spent in this place.
 C = Inter-level travel time spent in this place.
 D = Time resting spent in this place.
 E = Time spent auto-exploring this place.
 F = Levels seen in this place.
 G = Mean time per level.
                   A        B        C        D        E       F      G
               +--------+--------+--------+--------+--------+-----+--------+
         Total |     25 |     25 |      0 |      0 |      0 |   1 |   25.0 |
       Dungeon |     25 |     25 |      0 |      0 |      0 |   1 |   25.0 |
               +--------+--------+--------+--------+--------+-----+--------+

Top non-repeatable levels by time:
       D: 25 daAuts
